Map: Rainfall LE

Players

DFTBA

  • Race: Protoss Protoss
  • League: Master
  • Spawn Location: 11:00

RipNHammer - Winner!

  • Race: Terran Terran
  • League: Master
  • Spawn Location: 5:00

VOD

Have the link to the VOD?

Description

Time

  • Played on: Sept. 5, 2026, 1:35 p.m.
  • Length: 15:45
Show
View Real Time Build Order
Export as new Build Order

DFTBA Protoss 

Build Orders: Chargelot Immortal 

Get SALT Encoding   

  8  0:00  Probe  
  9  0:13  Probe  
  10  0:22  Pylon  
  10  0:28  Probe  
  11  0:45  Gateway  
  11  0:51  Probe  
  12  1:04  Probe  
  13  1:16  Probe  
  14  1:36  Cybernetics Core  
  14  1:39  Probe  
  15  1:41  Assimilator  
  15  1:43  Assimilator  
  15  1:51  Probe  
  16  2:02  Pylon  
  16  2:05  Probe  
  17  2:33  Probe  
  18  2:38  Robotics Facility  
  18  2:41  Zealot (Chrono Boost)  
  20  2:48  Probe  
  21  2:53  Pylon  
  20  3:01  Probe  
  20  3:03  Stalker (Chrono Boost)  
  23  3:13  Probe  
  23  3:15  Robotics Facility  
  24  3:25  Probe  
  25  3:33  Immortal (Chrono Boost)  
  29  4:01  Probe  
  29  4:04  Immortal (Chrono Boost)  
  33  4:15  Warp Prism (Chrono Boost)  
  35  4:40  Nexus  
  35  4:53  Probe  
  36  5:07  Warp Gate  
  36  5:14  Pylon  
  36  5:33  Immortal (Chrono Boost)  
  40  5:39  Immortal (Chrono Boost)  
  44  5:43  Twilight Council  
  44  5:56  Probe x2  
  46  6:08  Probe x2  
  44  6:23  Immortal (Chrono Boost)  
  44  6:24  Immortal (Chrono Boost)  
  36  6:28  Charge  
  36  6:31  Probe  
  45  6:33  Probe  
  46  6:43  Probe  
  46  6:45  Probe  
  48  6:49  Gateway  
  48  6:54  Gateway  
  48  6:56  Probe  
  48  7:00  Probe  
  50  7:08  Probe  
  51  7:12  Probe  
  52  7:20  Probe  
  53  7:24  Probe  
  53  7:25  Immortal  
  58  7:30  Pylon  
  58  7:31  Pylon  
  58  7:45  Pylon  
  58  7:48  Probe x2  
  58  7:49  Zealot x3  
  66  7:52  Robotics Bay  
  66  7:59  Pylon  
  66  8:00  Probe x2  
  66  8:04  Observer  
  66  8:05  Observer  
  70  8:10  Zealot x3  
  74  8:28  Zealot x3, Blink  
  80  8:41  Zealot x2  
  80  8:42  Zealot  
  80  8:43  Disruptor (Chrono Boost)  
  90  8:56  Probe x2  
  80  9:03  Zealot  
  80  9:04  Zealot x2  
  80  9:10  Disruptor (Chrono Boost)  
  84  9:17  Zealot  
  84  9:18  Assimilator  
  84  9:19  Assimilator  
  84  9:20  Nexus  
  84  9:22  Pylon  
  86  9:26  Immortal (Chrono Boost)  
  74  9:53  Zealot x3  
  76  10:16  Zealot x3  
  82  10:27  Pylon  
  82  10:28  Pylon, Gateway  
  82  10:29  Zealot  
  82  10:32  Gateway x2, Probe x3  
  82  10:33  Pylon  
  82  10:35  Gateway  
  83  10:44  Probe  
  83  10:45  Zealot  
  83  10:46  Zealot x2  
  83  10:48  Probe x2  
  92  10:56  Probe  
  93  10:59  Zealot x3  
  93  11:00  Probe  
  86  11:18  Zealot  
  86  11:19  Zealot x2  
  88  11:32  Zealot x3, Gateway  
  90  11:34  Gateway  
  90  11:35  Gateway  
  90  11:36  Gateway  
  86  11:42  Zealot x3  
  86  11:45  Zealot  
  86  11:46  Zealot  
  96  11:49  Templar Archives, Probe x2  
  96  11:50  Probe  
  96  11:53  Zealot  
  101  11:58  Zealot x2  
  105  12:02  Zealot  
  105  12:07  Zealot x2  
  111  12:11  Zealot  
  108  12:26  Zealot x2  
  108  12:27  Zealot x2  
  100  12:34  Stalker  
  100  12:35  Stalker  
  104  12:37  Probe  
  104  12:42  Stalker  
  107  12:46  Probe x2  
  109  12:51  Stalker  
  109  12:58  Stalker, Psionic Storm  
  113  13:01  High Templar  
  113  13:02  High Templar  
  113  13:03  High Templar  
  119  13:17  High Templar x3  
  125  13:25  Zealot  
  127  13:30  Zealot  
  103  13:49  Zealot x5  
  103  13:52  High Templar x2  
  113  14:08  Zealot x3  
  119  14:14  Stalker  
  121  14:20  Zealot  
  121  14:21  Zealot  
  125  14:25  Archon  
  115  14:44  Zealot x4  
  115  14:45  Zealot  
  125  14:50  Probe x2  
  125  14:53  Probe  
  126  15:09  Zealot  
  126  15:10  Zealot  
  126  15:11  Zealot  
  126  15:13  Zealot  
  102  15:31  Archon  
  102  15:32  Archon x2  
Show
View Real Time Build Order
Export as new Build Order

RipNHammer Terran - Winner!

Build Orders:  

Get SALT Encoding   

  8  0:00  SCV  
  9  0:12  SCV  
  10  0:24  SCV  
  11  0:36  SCV  
  11  0:39  Supply Depot  
  12  0:49  SCV  
  13  1:01  SCV, Barracks  
  14  1:08  Refinery  
  14  1:13  SCV  
  15  1:25  SCV  
  16  1:37  SCV  
  17  1:49  Orbital Command  
  17  1:53  Reaper  
  18  2:15  Bunker, SCV  
  18  2:17  Barracks  
  18  2:21  Barracks  
  19  2:30  Engineering Bay  
  19  2:40  Supply Depot, Marine  
  20  2:48  SCV  
  21  3:01  Marine, SCV  
  23  3:06  Barracks Tech Lab  
  23  3:14  SCV, Barracks Tech Lab  
  24  3:20  Barracks Reactor  
  24  3:25  Command Center  
  24  3:32  Marine  
  26  3:34  SCV  
  26  3:43  Combat Shield  
  26  3:47  Supply Depot  
  26  3:48  SCV  
  27  3:51  Marine  
  28  4:00  Marine  
  29  4:05  Supply Depot  
  29  4:08  Marine x2  
  31  4:10  Engineering Bay  
  31  4:13  Marine  
  32  4:18  Marine  
  33  4:26  Marine x2  
  33  4:29  SCV  
  36  4:33  Marauder  
  36  4:36  Marine  
  36  4:37  Supply Depot  
  39  4:43  Orbital Command  
  39  4:51  Missile Turret  
  39  4:59  SCV  
  40  5:11  SCV  
  40  5:25  Refinery  
  40  5:26  SCV  
  41  5:30  Stimpack  
  40  5:39  SCV x2  
  40  5:40  Marine x3  
  45  5:44  Marine  
  46  5:51  SCV  
  46  5:58  Marine x2  
  46  5:59  Factory  
  46  6:03  Marine x2  
  50  6:05  SCV  
  50  6:15  Marine  
  50  6:16  Marine  
  50  6:21  Marine x2  
  50  6:22  Orbital Command  
  50  6:33  Marine x2  
  50  6:36  Barracks  
  50  6:39  Marine  
  54  6:42  Starport  
  54  6:44  Factory Reactor  
  54  6:47  Barracks Reactor  
  53  6:48  SCV x2  
  55  7:00  SCV x2  
  57  7:04  Marine x3  
  60  7:09  Supply Depot  
  60  7:10  Concussive Shells  
  60  7:12  SCV x2  
  60  7:14  Missile Turret  
  62  7:24  SCV x2, Marauder  
  66  7:30  Barracks Tech Lab, Marine  
  66  7:33  Supply Depot  
  66  7:36  SCV  
  68  7:43  Viking  
  68  7:44  Viking, Missile Turret  
  72  7:48  SCV x2  
  74  7:53  Factory Tech Lab  
  74  7:56  Supply Depot  
  74  8:00  SCV x2  
  76  8:07  Marine  
  76  8:08  Marine x2, Marauder  
  76  8:09  Missile Turret  
  79  8:23  Marine  
  79  8:24  Marauder  
  79  8:25  Marine  
  83  8:28  Medivac x2  
  83  8:29  SCV  
  88  8:35  Supply Depot  
  88  8:38  Command Center  
  88  8:40  Supply Depot  
  88  8:41  Marine x2  
  88  8:42  Marauder  
  88  8:48  SCV x2  
  93  8:49  Terran Infantry Weapons Level 1  
  93  8:53  Siege Tank  
  93  8:54  Marine  
  98  8:57  Marauder  
  88  9:07  Marine x3, Marauder  
  88  9:08  Medivac  
  79  9:12  Marine  
  78  9:17  SCV  
  78  9:18  Marauder  
  78  9:20  SCV  
  78  9:23  Medivac  
  84  9:25  Marine x3  
  84  9:29  Marauder, SCV, Widow Mine  
  92  9:36  Marine  
  93  9:40  Marauder  
  87  9:51  Marine x2, Marauder  
  84  9:53  Marine  
  84  9:54  Marine, SCV x2  
  88  10:01  Marauder  
  88  10:06  SCV  
  91  10:09  Marine x2  
  91  10:13  Marauder  
  95  10:15  Marine x2  
  95  10:20  Liberator  
  100  10:22  Marauder  
  100  10:25  Refinery x2  
  100  10:26  Marine  
  100  10:27  Marine  
  100  10:28  Command Center  
  104  10:29  Engineering Bay, Armory  
  104  10:33  Marine x2  
  104  10:34  Barracks, Marauder  
  108  10:35  SCV  
  108  10:36  Barracks  
  107  10:46  SCV  
  107  10:47  SCV  
  110  10:56  Terran Infantry Armor Level 1  
  110  10:58  SCV, Planetary Fortress  
  110  11:01  Marine  
  110  11:02  Marauder  
  113  11:05  SCV  
  109  11:21  SCV  
  109  11:22  SCV  
  110  11:26  Supply Depot  
  110  11:27  Missile Turret  
  110  11:37  Marine x3, Marauder  
  110  11:38  Marauder, Barracks Tech Lab  
  110  11:39  SCV x2  
  119  11:45  Barracks Tech Lab  
  119  11:51  SCV  
  120  11:59  Sensor Tower, Marauder  
  120  12:00  Widow Mine  
  124  12:03  SCV x2  
  126  12:11  SCV  
  122  12:39  Marine  
  122  12:40  Marauder  
  122  12:43  Ghost Academy  
  126  12:44  SCV  
  126  12:46  Refinery  
  126  12:47  Refinery  
  126  12:50  Widow Mine  
  128  12:51  Drilling Claws  
  128  12:52  Command Center  
  128  12:56  Marine, Marauder  
  131  13:03  Marine x2  
  131  13:04  Marine, Marauder x2  
  131  13:05  Medivac x2  
  138  13:10  Marauder  
  140  13:13  Marine  
  140  13:16  Widow Mine  
  140  13:17  SCV x2, Marine  
  146  13:21  Marine x2  
  146  13:26  Missile Turret, Supply Depot  
  148  13:29  Supply Depot, Marine, Marauder x2  
  148  13:31  Marine  
  148  13:32  Marauder  
  155  13:35  Marine  
  155  13:39  Marine x2  
  151  13:47  Marine  
  152  13:49  Marine  
  152  13:51  Marauder x2  
  152  13:52  Marine  
  152  13:53  Marauder  
  160  13:57  Marine x2  
  162  14:04  Marine  
  162  14:07  SCV, Marine  
  162  14:09  Planetary Fortress  
  165  14:11  Marauder, SCV x2  
  165  14:12  Marine x2  
  165  14:14  Marine  
  165  14:15  Marauder  
  174  14:29  Ghost x2  
  178  14:35  Marine x2, Marauder  
  178  14:39  Marine, Marauder  
  178  14:42  SCV x2  
  183  14:46  SCV  
  184  14:58  Supply Depot  
  184  14:59  Missile Turret  
  184  15:00  Command Center  
  184  15:02  Ghost  
  186  15:07  Marine  
  186  15:08  Ghost, Marine, Marauder  
  168  15:25  Marine  
Tags
 
Matchup
PvT
Replay Pack
RipNHammer
Spawn Locations
Cross Positions
Add a new tag
Caveats
  • Supply blocks, unpowered buildings, or Contaminate may cause inaccurate times.
  • Supply counts are checked every 10 seconds.